cohdb
Replays
Latest Replays
All Replays
Popular Replays
Top Player Replays
Match Explorer
How It Works
Community
CoH3 Stats
Reddit
Sign in to upload your games and track your stats! →
Sign in with Steam
Match 45220441
Unlisted
Match 45220441
Overview
Messages
Build Orders
End
250 Light Carrier
Panzerpioneer Squad
Selects Panzerjäger Kommand Battlegroup
Selects Mine Fields
250 Light Carrier
Construct Light Support Kompanie
Combat Half-tracks
Selects Tank Busters
MG34 Team
Fire Support Elements
Flakvierling Half-track
Panzerjäger Mechanized Group
Vehicle Survival Package
Construct Mechanized Kompanie
Selects Crew Shock Tactics
Panzerjäger Squad
254 Reconnaissance Tractor
MG34 Team
Pak 38 Mechanized Group
Construct Panzerarmee Kommand
Rapid Advance
Walking Stuka Rocket Launcher
Emergency Repair Kits
Walking Stuka Rocket Launcher
Walking Stuka Rocket Launcher
Advanced Optics
Tungsten Core Ammunition
Armored Reserves
Selects Elefant Tank Destroyer
Panzerjäger Squad
Panzerjäger Squad
Veteran Squad Leaders
哦嗦嘎达
란카
MrGlaucus
Frye
Cpt.Nuggets
12392089
inc.
padak@@@
0
0
Comments
sign in to comment!
No comments posted yet!